AoeStats
← Nemsis

Oasis

508615002Analyzed
2v2 RM · 10d ago on Sep 23, 2026· 39m 39s· 4 players
Game mode
Random Map
Map size
Medium (4 player)
Population
200
Speed
Normal
Resources
Standard
Victory
Conquest
Starting age
Dark Age
Ending age
Imperial Age
RankedLock teamsTeams togetherTeam positionsShared explorationLock speedFull tech treeHidden civsTurbo modeCheats
Victory
Defeat
🇦🇺 Varangians · Australia
1033
+12
🇦🇺 Khmer · Australia
915
+16
🇫🇷 Georgians · France
941
-14
🇦🇺 Danes · Australia
931
-14
FaZe Clarence
10:59 Feudal Age
12:24 Loom
13:10 Double-Bit Axe
20:00 Castle Age
24:08 Fletching
25:36 Horse Collar
26:34 Thumb Ring
27:18 Bodkin Arrow
27:30 Padded Archer Armor
27:41 Elite Skirmisher
28:35 Gold Mining
32:08 Ballistics
40:42 Imperial Age
40:01 Leather Archer Armor
statere26
5:06 Loom
11:41 Feudal Age
19:14 Castle Age
19:46 Bloodlines
26:20 Horse Collar
26:43 Pikeman
31:13 Husbandry
32:48 Heavy Plow
36:17 Sanctity
36:10 Forging
41:28 Imperial Age
39:56 Scale Barding Armor
Nemsis
3:20 Loom
10:20 Feudal Age
10:57 Double-Bit Axe
11:31 Town Watch
13:36 Bloodlines
19:10 Horse Collar
22:32 Castle Age
21:10 Scale Barding Armor
23:48 Heavy Plow
24:34 Forging
25:39 Bow Saw
27:16 Wheelbarrow
31:31 Pikeman
32:42 Chain Barding Armor
34:19 Hand Cart
34:12 Fletching
34:28 Husbandry
ManiacK Fiend
6:44 Loom
11:02 Feudal Age
11:59 Double-Bit Axe
11:56 Horse Collar
19:59 Castle Age
21:38 Padded Archer Armor
21:29 Fletching
21:01 Crossbowman
22:59 Bow Saw
23:07 Leather Archer Armor
24:08 Wheelbarrow
24:27 Bodkin Arrow
33:13 Hand Cart
41:00 Imperial Age
39:48 Ballistics
Connection lost

Rejoining the realm…

Still unreachable

The connection could not be restored.

Session expired

The server has moved on; the page needs a fresh start.